 Dungeon Crawl Stone Soup version 0.31-a0-1309-gbf3fed316f (webtiles) character file.

Game seed: 3377153314377048321

88 Bnni the Digger (level 4, -1/32 (33) HPs)
             Began as a Formicid Earth Elementalist on Dec 20, 2023.
             Slain by Crazy Yiuf
             ... wielding a +4 quarterstaff of chaos
              (6 damage)
             ... on level 2 of the Dungeon.
             The game lasted 00:02:54 (1872 turns).

Bnni the Digger (Formicid Earth Elementalist)       Turns: 1872, Time: 00:02:55

HP:   -1/32 (33)    AC:  2    Str: 12    XL:     4   Next: 81%
MP:   2/8           EV: 12    Int: 17    God:
Gold: 81            SH:  0    Dex: 20    Spells: 7/8 levels left

rFire   . . .        j - +0 short sword (venom)
rCold   . . .        (no shield)
rNeg    . . .        a - +0 robe
rPois   .            (helmet unavailable)
rElec   .            (no cloak)
rCorr   .            (no gloves)
SInv    +            (no boots)
Will    .....        (no amulet)
Stlth   ++           k - +6 ring of dexterity
HPRegen 0.25/turn    (no ring)
MPRegen 0.11/turn

%: no passive effects
@: lightly drained
A: permanent stasis, dig shafts and tunnels, antennae 3, four strong arms
a: Dig, Shaft Self


You were on level 2 of the Dungeon.
You visited 1 branch of the dungeon, and saw 2 of its levels.

You collected 81 gold pieces.

Inventory:

Hand Weapons
 j - a +0 short sword of venom (weapon)
Armour
 a - a +0 robe (worn)
Jewellery
 d - a ring of ice
 e - a ring of fire
 k - a +6 ring of dexterity (left hand)
Scrolls
 c - a scroll of revelation {unknown}
 h - 2 scrolls of fog {unknown}
 i - a scroll of enchant armour {unknown}
 m - a scroll of blinking {unknown}
 n - a scroll of vulnerability {unknown}
Potions
 b - a potion of magic
 f - 2 potions of curing {unknown}
 g - 2 potions of lignification {unknown}
 l - a potion of might {unknown}


   Skills:
 + Level 1.7 Fighting
 - Level 1.7 Dodging
 - Level 2.4 Stealth
 + Level 2.8 Spellcasting
 - Level 2.0 Transmutations
 * Level 5.0 Earth Magic


You had 7 spell levels left.
You knew the following spells:

 Your Spells              Type           Power      Damage    Failure   Level
a - Sandblast             Erth           38%        2d10      2%          1

Your spell library contained the following spells:

 Spells                   Type           Power      Damage    Failure   Level
 Passwall                 Tmut/Erth      11%        N/A       6%          2
 Stone Arrow              Conj/Erth      20%        3d8       19%         3
 Petrify                  Tmut/Erth      14%        N/A       38%         4
 Gell's Gravitas          Tloc           2%         N/A       47%         3
 Teleport Other           Tloc           2%         N/A       47%         3
 Brom's Barrelling Bould  Conj/Erth      10%        2d3       54%         4
 Dispersal                Tloc           1%         N/A       100%        6


Dungeon Overview and Level Annotations

Branches:
Dungeon (2/15)

Altars:
Wu Jian

Shops:
D:1 [

Annotations:
D:2 Crazy Yiuf


Innate Abilities, Weirdness & Mutations

You cannot be hasted, slowed, berserked, paralysed or teleported.
You can dig through walls and to a lower floor.
You have a pair of large antennae on your head. (SInv)
Your four strong arms can wield two-handed weapons with a shield.


Message History

The kobold shouts!
The kobold throws a stone.
The stone barely misses you.
You hit the kobold.
The kobold is moderately wounded.
The kobold hits you with a +0 dagger.
You closely miss the kobold.
The kobold is moderately wounded.
The kobold barely misses you.
You hit the kobold.
You kill the kobold!
No target in view!
Found a short sword.
You open the door.
There is an open door here.
There is an open door here.
You see here a +0 short sword.
You open the door.
There is an open door here.
Found a runed translucent door.
You sense a monster nearby.
You open the door. You barely miss Crazy Yiuf.
Crazy Yiuf hits you with a +4 quarterstaff of chaos!
You feel your power leaking away.
You hit Crazy Yiuf but do no damage.
Crazy Yiuf is poisoned.
Crazy Yiuf hits you with a +4 quarterstaff of chaos.
You feel your power leaking away.
You hit Crazy Yiuf but do no damage.
Crazy Yiuf looks as sick as possible!
Crazy Yiuf is lightly wounded.
Crazy Yiuf screams, "Seed!"
Crazy Yiuf barely misses you.
You closely miss Crazy Yiuf.
Crazy Yiuf is moderately wounded.
Crazy Yiuf barely misses you.
You hit Crazy Yiuf.
Crazy Yiuf is severely wounded.
Crazy Yiuf hits you with a +4 quarterstaff of chaos!
* * * LOW HITPOINT WARNING * * *
You feel drained.
You die...

...#..
..###....#
#####.#...))
#..###### #....#
#.....))....
......... #....#
#####.#..#.#
...#####. #...##
#....#..#.#
......... ##.##
#....#..#.#
#..#####. #.##
#....#..#.#
.....# ##.#
##....#....#
.#.#.# # #.##
#.....#.####
.#.#(# .# ##@#
###.........
.#.#.###.# #g#
#..........
...#.#... ...
###.###.####
.###.#.###.#
#...#
#...........
.###.......#
#..)#
#...........
.....#.###.#
#####
###.###...##
...........#
#..........
#.##.#.....#####
####..###...#.
..#.....#####..#
#..#..........


You could see Crazy Yiuf (extremely poisoned).

Vanquished Creatures
  4 gnolls (D:2)
  A worm (D:2)
  A dart slug (D:2)
  5 endoplasms
  3 giant cockroaches
  5 goblins
  3 hobgoblins
  2 quokkas (D:1)
  5 ball pythons
  4 bats
  A frilled lizard (D:1)
  7 kobolds
  3 rats
44 creatures vanquished.

Notes
Turn   | Place    | Note
-------+----------+-------------------------------------------
     0 | D:1      | Bnni the Formicid Earth Elementalist began the quest for
                  | the Orb.
     0 | D:1      | Reached XP level 1. HP: 13/13 MP: 3/3
   204 | D:1      | Found Fiaxuk's Armour Shoppe.
   207 | D:1      | Reached XP level 2. HP: 20/20 MP: 1/5
   284 | D:1      | Reached skill level 4 in Earth Magic
   711 | D:1      | Reached XP level 3. HP: 25/25 MP: 3/6
  1150 | D:2      | Reached skill level 1 in Fighting
  1232 | D:2      | Found an ornate altar of the Wu Jian Council.
  1505 | D:2      | Reached XP level 4. HP: 32/32 MP: 4/7
  1757 | D:2      | Reached skill level 5 in Earth Magic
  1863 | D:2      | Found a runed translucent door.
  1864 | D:2      | Noticed Crazy Yiuf
  1872 | D:2      | Slain by Crazy Yiuf

Illustrated notes

Levels and vault maps discovered:
D:1:      dpeg_arrival_boxes_within_box, layout_loops_ring, serial_shops,
          nicolae_shop_statue_plus, reono_crystal_passage,
          minmay_misc_feat_encased
D:2:      layout_basic, basic_altar, minmay_misc_feat_five,
          uniq_crazy_yiuf_cottage

Skill      XL: |  1  2  3  4 |
---------------+-------------+-----
Earth Magic    | 4 5 |  5.0
Transmutations | 2 |  2.0
Fighting       | 1 |  1.7
Dodging        | |  1.7
Stealth        | |  2.4
Spellcasting   | |  2.8

Action                     |  1- 3 |  4- 6 || total
---------------------------+-------+-------++-------
  Melee: Short sword       |     2 |    26 ||    28
   Cast: Sandblast         |    49 |     7 ||    56
 Armour: Robe              |     8 |    11 ||    19
  Dodge: Dodged            |     8 |    15 ||    23

Table legend: (Time is in decaauts)
 A = Elapsed time spent in this place.
 B = Non-inter-level travel time spent in this place.
 C = Inter-level travel time spent in this place.
 D = Time resting spent in this place.
 E = Time spent auto-exploring this place.
 F = Levels seen in this place.
 G = Mean time per level.
                   A        B        C        D        E       F      G
               +--------+--------+--------+--------+--------+-----+--------+
         Total |   1896 |   1841 |     55 |      0 |   1556 |   2 |  948.0 |
       Dungeon |   1896 |   1841 |     55 |      0 |   1556 |   2 |  948.0 |
               +--------+--------+--------+--------+--------+-----+--------+

Top non-repeatable levels by time:
     D:1: 1145 daAuts
     D:2: 751 daAuts
